[Event "ICC tourney 1955 (60 10)"]
[Site "Internet Chess Club"]
[Date "2020.08.07"]
[Round "1"]
[White "KnightHawk8"]
[Black "chessw23"]
[Result "0-1"]
[ICCResult "White checkmated"]
[WhiteElo "1893"]
[BlackElo "1858"]
[Opening "Giuoco Piano"]
[ECO "C54"]
[NIC "IG.02"]
[Time "12:22:26"]
[TimeControl "3600+10"]

1. e4 e5 2. Nf3 Nc6 3. Bc4 Bc5 4. c3 Nf6 5. d3 h6 6. Nbd2 d6 7. Bb3 a6 8.
O-O O-O 9. h3 Ba7 10. Re1 Re8 11. Nf1 Ne7 12. Nh4 b5 13. Qf3 Nc6 14. Ng3 Na5
15. Bc2 Ng4 16. hxg4 Qxh4 17. Nf5 Bxf5 18. exf5 Nc6 19. g5 e4 20. Rxe4 Rxe4
21. dxe4 Ne5 22. Qf4 Ng4 23. gxh6 Bxf2+ 24. Kf1 Qh1+ 25. Ke2 Qe1+ 26. Kf3
Ne5+ 27. Qxe5 dxe5 28. hxg7 Be3 29. Bxe3 Qxa1 30. f6 Qxb2 31. Bb3 Qxc3 32.
g4 Rd8 33. g5 Rd3 34. Bxf7+ Kxf7 35. g6+ Kg8 36. Kg4 Rxe3 37. a4 Rxe4+ 38.
Kf5 Rf4+ 39. Ke6 Qc6+ 40. Ke7 Rxf6 41. a5 Qd6+ 42. Ke8 Re6# {White
checkmated} 0-1

[Event "ICC tourney 1955 (60 10)"]
[Site "Internet Chess Club"]
[Date "2020.08.07"]
[Round "1"]
[White "Kausy"]
[Black "ajschess05"]
[Result "0-1"]
[ICCResult "White resigns"]
[WhiteElo "1722"]
[BlackElo "2012"]
[Opening "Sicilian: Taimanov (Bastrikov) variation"]
[ECO "B47"]
[NIC "SI.40"]
[Time "12:21:46"]
[TimeControl "3600+10"]

1. e4 c5 2. Nf3 e6 3. d4 cxd4 4. Nxd4 Nc6 5. Nc3 Qc7 6. Be2 a6 7. O-O Nf6 8.
a3 Be7 9. Be3 O-O 10. f3 d6 11. Nb3 b5 12. Kh1 Bb7 13. Qd2 Rfd8 14. Rfd1 d5
15. exd5 Nxd5 16. Nxd5 Rxd5 17. Qe1 Rad8 18. c3 Ne5 19. Bf4 Bd6 20. Rd4 Nc4
21. Bxd6 R8xd6 22. Bxc4 bxc4 23. Rxd5 Rxd5 24. Nd2 Rh5 25. Nf1 h6 26. Rd1
Qb6 27. Ng3 Rb5 28. Qe2 Rxb2 29. Qxc4 Qf2 30. Qf1 Qxf1+ 31. Nxf1 Rb3 32. Rc1
Rxa3 33. c4 Bc6 34. c5 a5 35. Nd2 Bd5 36. Kg1 Rd3 37. Nc4 Bxc4 38. Rxc4 Rd7
39. Kf2 Kf8 40. Ke3 Ke7 41. Ra4 Ra7 42. h4 Kd7 43. Kd4 Kc6 44. Kc4 e5 45. g4
f6 46. h5 Ra6 47. Ra3 a4 48. Kb4 Ra7 49. Kc4 Ra5 50. Kb4 Rxc5 51. Rxa4 Kd6
52. Ra6+ Rc6 53. Ra7 Rc7 54. Ra5 Ke6 55. Ra3 Kf7 56. Kb5 g6 57. Kb6 Re7 58.
Kc5 gxh5 59. gxh5 Rd7 60. Kc6 Ke6 61. Re3 Rd4 62. Kc5 Kf5 63. Ra3 Kg5 64.
Ra6 Rf4 65. Kd5 Rxf3 66. Ke4 Rf4+ 67. Ke3 Kxh5 68. Ra1 Kg5 69. Rg1+ Rg4 70.
Rf1 f5 71. Rf3 h5 72. Ke2 h4 73. Kf1 Rf4 74. Rxf4 Kxf4 75. Kg1 Kg3 76. Kh1
e4 77. Kg1 e3 78. Kf1 h3 79. Ke2 f4 {White resigns} 0-1

[Event "ICC tourney 1955 (60 10)"]
[Site "Internet Chess Club"]
[Date "2020.08.07"]
[Round "1"]
[White "pika0008"]
[Black "JackFromLost"]
[Result "1-0"]
[ICCResult "Black resigns"]
[WhiteElo "1685"]
[BlackElo "1914"]
[Opening "English opening: Agincourt variation"]
[ECO "A13"]
[NIC "QP.09"]
[Time "12:22:47"]
[TimeControl "3600+10"]

1. Nf3 d5 2. c4 e6 3. e3 Nf6 4. Nc3 Be7 5. b3 O-O 6. Bb2 c5 7. d4 cxd4 8.
exd4 Nc6 9. Be2 Re8 10. O-O Bf8 11. Re1 a6 12. Rc1 Bd7 13. Ne5 Rc8 14. Bf3
Ne7 15. Qe2 Nf5 16. Red1 Bc6 17. cxd5 Nxd5 18. Nxd5 Bxd5 19. Qd3 Bxf3 20.
Nxf3 Qd5 21. Rc4 b5 22. Rc2 Rxc2 23. Qxc2 Bd6 24. Re1 Ne7 25. Ne5 Rc8 26.
Qd3 f6 27. Ng4 Ng6 28. Ne3 Nf4 29. Qd2 Qg5 30. g3 Qg6 31. d5 Nd3 32. Rd1
Nxb2 33. Qxb2 e5 34. Rc1 Qe8 35. Nf5 Bf8 36. Rc2 g6 37. Ne3 Qd7 38. Qc1 Rxc2
39. Qxc2 Bd6 40. Qc6 Qc7 41. Qxa6 Qc5 42. Qa8+ Kg7 43. Qb7+ Kg8 44. Ng4 Be7
45. Qc6 Kg7 46. Nxf6 Qb4 47. Ne8+ Kf7 48. d6 Qe1+ 49. Kg2 Bg5 50. Qd7+ Kf8
51. Nc7 Qe4+ 52. Kh3 {Black resigns} 1-0

[Event "ICC tourney 1955 (60 10)"]
[Site "Internet Chess Club"]
[Date "2020.08.07"]
[Round "1"]
[White "chessfirelord"]
[Black "taupuri"]
[Result "1-0"]
[ICCResult "Black resigns"]
[WhiteElo "1468"]
[BlackElo "1655"]
[Opening "QGD semi-Slav: 5.Bg5 dc"]
[ECO "D44"]
[NIC "SL.03"]
[Time "12:21:33"]
[TimeControl "3600+10"]

1. d4 d5 2. c4 c6 3. Nf3 Nf6 4. Nc3 e6 5. Bg5 dxc4 6. a4 Qa5 7. Bxf6 gxf6 8.
e4 Bb4 9. Qc1 Nd7 10. Bxc4 Nb6 11. Bb3 Bd7 12. O-O O-O-O 13. Qe3 Rdg8 14.
Rfc1 Rg6 15. d5 Rhg8 16. g3 Kb8 17. dxc6 Bxc6 18. Qf4+ Ka8 19. Nd4 Bxc3 20.
Nxc6 Be5 21. Nxe5 Qxe5 22. Qxe5 fxe5 23. Rc7 Rf6 24. Rac1 Kb8 25. a5 Nc8 26.
Rd7 Rf3 27. Bd1 Rf6 28. Bh5 Rh6 29. Bxf7 Rf8 30. Rcc7 b6 31. a6 Rf6 32. Rb7+
Ka8 33. b4 Rh6 34. Kg2 Rf6 35. f3 Rh6 36. h4 Rf6 37. Bh5 h6 38. b5 Rg8 39.
g4 Rff8 40. Bf7 Rg7 41. Bxe6 Rxd7 42. Rxd7 Kb8 43. Rb7+ Ka8 44. Bd5 Ne7 45.
Rxe7+ Kb8 46. Rb7+ Kc8 47. Rxa7 Rf6 48. Ra8+ Kc7 49. a7 Rd6 50. Rc8+ Kxc8
51. a8=Q+ Kd7 52. Qb7+ Ke8 53. Qc8+ Ke7 54. Qc7+ {Black resigns} 1-0

[Event "ICC tourney 1955 (60 10)"]
[Site "Internet Chess Club"]
[Date "2020.08.07"]
[Round "1"]
[White "BadWolf"]
[Black "geowhiz27"]
[Result "1-0"]
[ICCResult "Black forfeits on time"]
[WhiteElo "2007"]
[BlackElo "1779"]
[Opening "QGD: exchange, positional line, 6.Qc2"]
[ECO "D36"]
[NIC "QO.16"]
[Time "12:22:27"]
[TimeControl "3600+10"]

1. d4 Nf6 2. c4 e6 3. Nc3 d5 4. cxd5 exd5 5. Bg5 c6 6. Qc2 Be7 7. e3 h6 8.
Bh4 O-O 9. Bd3 Bg4 10. Nge2 Nbd7 11. O-O Ne8 12. Bg3 h5 13. f3 Be6 14. Nf4
h4 15. Bf2 Nd6 16. e4 dxe4 17. fxe4 Bc4 18. e5 Bxd3 19. Qxd3 Nc8 20. Qe2 Bg5
21. Qg4 Ndb6 22. Nh3 Be7 23. Ne4 Qd7 24. Qh5 f6 25. Rad1 Nd5 26. Rd3
{Black forfeits on time}
1-0

[Event "ICC tourney 1955 (60 10)"]
[Site "Internet Chess Club"]
[Date "2020.08.07"]
[Round "1"]
[White "staxxknight"]
[Black "canary2016"]
[Result "1-0"]
[ICCResult "Black resigns"]
[WhiteElo "1962"]
[BlackElo "1975"]
[Opening "Caro-Kann: Tartakower (fantasy) variation"]
[ECO "B12"]
[NIC "CK.02"]
[Time "12:22:45"]
[TimeControl "3600+10"]

1. e4 c6 2. d4 d5 3. f3 Qb6 4. Nc3 dxe4 5. fxe4 e5 6. dxe5 Be6 7. Na4 Qa5+
8. Nc3 Bb4 9. Bd2 Qxe5 10. Nf3 Qc7 11. Bd3 Nd7 12. O-O O-O-O 13. Qe2 f6 14.
Kh1 Bd6 15. Be3 Ne7 16. Nd4 Bf7 17. Ndb5 cxb5 18. Nxb5 Qb8 19. Bxa7 Qa8 20.
Nxd6+ Kc7 21. Nxf7 Qxa7 22. Nxh8 Rxh8 23. Qf2 Qa5 24. Qg3+ Kc8 25. Qxg7 Re8
26. Qf7 Kd8 27. Rad1 Rf8 28. Qxh7 Qe5 29. a4 Kc8 30. Bb5 Nc5 31. Qh3+ f5 32.
Qc3 Qxc3 33. bxc3 Nxe4 34. Rd4 Rh8 35. Kg1 Kb8 36. Rd7 Nc8 37. Rxf5 Ncd6 38.
Re5 Rf8 39. Rde7 Nxc3 40. R5e6 Rd8 41. h4 Ndxb5 42. Re8 Rxe8 43. Rxe8+ Kc7
44. axb5 Nxb5 45. h5 Nd6 46. Re2 Nf5 47. g4 Nd4 48. Rf2 Ne6 49. Kg2 b5 50.
Kg3 Kc6 51. h6 Ng5 52. Kh4 Nh7 53. Rf7 Kc5 54. Rxh7 Kc4 55. g5 Kc3 56. Rb7
b4 57. g6 Kxc2 58. Rxb4 {Black resigns} 1-0

[Event "ICC tourney 1955 (60 10)"]
[Site "Internet Chess Club"]
[Date "2020.08.07"]
[Round "1"]
[White "kwen2008"]
[Black "smilingfloor"]
[Result "1-0"]
[ICCResult "Black resigns"]
[WhiteElo "1710"]
[BlackElo "1916"]
[Opening "QGD: Tarrasch defense"]
[ECO "D32"]
[NIC "TD.11"]
[Time "12:22:47"]
[TimeControl "3600+10"]

1. d4 d5 2. c4 e6 3. Nc3 c5 4. cxd5 exd5 5. Nf3 Nc6 6. Bg5 f6 7. Bf4 Nge7 8.
e3 Ng6 9. Bg3 c4 10. Be2 Bb4 11. Qc2 O-O 12. O-O Re8 13. Nxd5 b5 14. Nc7 Be6
15. Nxe8 Qxe8 16. a4 Na5 17. axb5 Qxb5 18. Qa4 Qb7 19. Nh4 Nxh4 20. Bxh4 Rc8
21. Bf3 Qb6 22. d5 Bf7 23. e4 Be8 24. Qa2 Bb5 25. Bg4 Rc7 26. Bg3 Re7 27.
Be6+ Kh8 28. Rfd1 Nb3 29. Rab1 Nd2 30. Rxd2 Bxd2 31. Rd1 Bb4 32. e5 fxe5 33.
Bxe5 Bc5 34. Bg3 Re8 35. Qb1 Rf8 36. Qc2 Bd6 37. Bxd6 Qxd6 38. Qc3 h6 39. h3
a6 40. Re1 Qc5 41. Qe3 Qb4 42. Qe5 Qd2 43. Qe2 Qb4 44. Rc1 a5 45. Qc2 Qd6
46. Qd2 a4 47. Qe3 Ba6 48. Rd1 Rb8 49. Qd4 Rf8 50. Qa7 Re8 51. Qd7 Qxd7 52.
Bxd7 Re2 53. Bxa4 Rxb2 54. d6 Bc8 55. d7 Bxd7 56. Bxd7 c3 57. Bf5 Kg8 58.
Rc1 Rb5 59. Be6+ Kf8 60. Rxc3 Ke7 61. Bg4 Kf6 62. Kh2 Rb2 63. Kg3 Kg5 64.
Rc6 Rb3+ 65. f3 {Black resigns} 1-0

[Event "ICC tourney 1955 (60 10)"]
[Site "Internet Chess Club"]
[Date "2020.08.07"]
[Round "1"]
[White "Joshua1"]
[Black "kingsac1234"]
[Result "0-1"]
[ICCResult "White resigns"]
[WhiteElo "1868"]
[BlackElo "2179"]
[Opening "QGD: exchange, positional line"]
[ECO "D35"]
[NIC "QO.16"]
[Time "12:22:39"]
[TimeControl "3600+10"]

1. d4 d5 2. c4 e6 3. Nc3 Nf6 4. cxd5 exd5 5. Bg5 Be7 6. e3 h6 7. Bh4 O-O 8.
Bd3 Be6 9. Nge2 Nbd7 10. O-O Ne8 11. Bxe7 Qxe7 12. f3 f5 13. Nf4 Qf7 14. e4
c6 15. Qe2 Nc7 16. exd5 Bxd5 17. Nfxd5 Nxd5 18. Nxd5 cxd5 19. Rfe1 Rfe8 20.
Qd2 f4 21. Rxe8+ Rxe8 22. Re1 g5 23. Rxe8+ Qxe8 24. Qe2 Qxe2 25. Bxe2 Kf7
26. Kf2 Nb8 27. Bb5 a6 28. Ba4 Nc6 29. Bxc6 bxc6 30. Ke2 Ke6 31. Kd3 Kd6 32.
Kc3 Kc7 33. Kb4 Kb6 34. a3 h5 35. h3 a5+ 36. Ka4 c5 37. dxc5+ Kxc5 38. b4+
axb4 39. axb4+ Kc4 40. b5 d4 41. b6 d3 42. b7 d2 43. b8=Q d1=Q+ 44. Ka5 Qa1+
45. Kb6 Qb2+ 46. Kc7 Qxb8+ 47. Kxb8 Kd3 48. Kc7 Ke3 49. Kd6 Kf2 50. Ke5 Kxg2
51. Kf5 Kxh3 52. Kxg5 Kg3 53. Kxh5 Kxf3 {White resigns} 0-1

[Event "ICC tourney 1955 (60 10)"]
[Site "Internet Chess Club"]
[Date "2020.08.07"]
[Round "1"]
[White "Ronaldh"]
[Black "Yucheng"]
[Result "1/2-1/2"]
[ICCResult "Game drawn by repetition"]
[WhiteElo "2097"]
[BlackElo "1932"]
[Opening "Giuoco Pianissimo: Italian four knights variation"]
[ECO "C50"]
[NIC "IG.02"]
[Time "12:21:52"]
[TimeControl "3600+10"]

1. e4 e5 2. Nf3 Nc6 3. Bc4 Bc5 4. d3 Nf6 5. Nc3 Be7 6. O-O d6 7. h3 h6 8.
Be3 O-O 9. d4 exd4 10. Nxd4 Nxd4 11. Qxd4 Nd7 12. Nd5 Nb6 13. Nxe7+ Qxe7 14.
Bb3 Be6 15. Rfe1 Bxb3 16. axb3 Qe5 17. Qd2 Qe6 18. c4 Rfd8 19. Bd4 Nd7 20.
f4 Nc5 21. Qc2 Re8 22. e5 b6 23. f5 Qd7 24. Rad1 Qc6 25. exd6 Rxe1+ 26. Rxe1
Qxd6 27. Qc3 f6 28. b4 Na4 29. Qe3 c5 30. bxc5 bxc5 31. Bc3 Nxc3 32. Qxc3
Rd8 33. Kh1 Qd2 34. Ra1 Qxc3 35. bxc3 Rd7 36. Ra5 Rc7 37. Kg1 Kf7 38. Kf2
Ke7 39. Kf3 Kd7 40. Ra6 Kc8 41. Ke4 Kb7 42. Ra5 Kb6 43. Rb5+ Kc6 44. Ra5 Kb6
45. Rb5+ Kc6 46. Ra5 Kb6 47. Rb5+ Kc6 48. Ra5 Kb6 {Game drawn by repetition}
1/2-1/2

[Event "ICC tourney 1955 (60 10)"]
[Site "Internet Chess Club"]
[Date "2020.08.07"]
[Round "1"]
[White "vikram251107"]
[Black "HarleyQueen8"]
[Result "1-0"]
[ICCResult "Black checkmated"]
[WhiteElo "1968"]
[BlackElo "1717"]
[Opening "Sicilian: Prins (Moscow) variation"]
[ECO "B55"]
[NIC "SI.01"]
[Time "12:22:46"]
[TimeControl "3600+10"]

1. e4 c5 2. Nf3 d6 3. d4 cxd4 4. Nxd4 Nf6 5. f3 Nc6 6. Be3 e5 7. Nb3 Be6 8.
c4 Be7 9. Nc3 a6 10. Be2 O-O 11. O-O Rb8 12. Qd2 Nd7 13. Rfd1 Re8 14. Nd5
Bf8 15. Rac1 Nc5 16. Nxc5 dxc5 17. Qe1 Nd4 18. Bxd4 cxd4 19. Bd3 b5 20. cxb5
axb5 21. Nc7 Re7 22. Na6 Rb6 23. Nb4 Rc7 24. Rxc7 Bxb4 25. Qxb4 Qxc7 26. Qd2
h6 27. f4 f6 28. f5 Bxa2 29. Rc1 Rc6 30. Ra1 Bf7 31. Ra8+ Kh7 32. Qb4 Rc5
33. h4 h5 34. Kh2 Bc4 35. Bxc4 bxc4 36. Qa4 Rc6 37. Rf8 Qb7 38. Qd1 g6 39.
fxg6+ Kxg6 40. Rh8 Qh7 41. Rxh7 Kxh7 42. Qxh5+ Kg7 43. Qe8 Rc7 44. h5 c3 45.
Qg6+ Kf8 46. Qxf6+ Rf7 47. Qh8+ Ke7 48. Qxe5+ Kf8 49. bxc3 dxc3 50. Qxc3 Rh7
51. Qf6+ Rf7 52. Qxf7+ Kxf7 53. g4 Kf6 54. Kg3 Ke5 55. h6 Kf6 56. e5+ Kg6
57. e6 Kf6 58. h7 Kg7 59. e7 Kxh7 60. e8=Q Kh6 61. g5+ Kxg5 62. Qe5+ Kg6 63.
Kg4 Kf7 64. Kf5 Kg8 65. Qe7 Kh8 66. Kg6 Kg8 67. Qd8# {Black checkmated} 1-0

[Event "ICC tourney 1955 (60 10)"]
[Site "Internet Chess Club"]
[Date "2020.08.07"]
[Round "1"]
[White "adorablehill"]
[Black "H2ODerp"]
[Result "0-1"]
[ICCResult "White resigns"]
[WhiteElo "1830"]
[BlackElo "2114"]
[Opening "French: Tarrasch, Guimard main line"]
[ECO "C04"]
[NIC "FR.15"]
[Time "12:22:38"]
[TimeControl "3600+10"]

1. e4 e6 2. d4 d5 3. Nd2 Nc6 4. Ngf3 Nf6 5. e5 Nd7 6. c3 f6 7. exf6 Qxf6 8.
Bd3 Bd6 9. O-O O-O 10. Qe2 e5 11. dxe5 Ndxe5 12. Bc2 Bg4 13. Bd1 Nxf3+ 14.
Nxf3 Ne5 15. Qe3 Nxf3+ 16. Bxf3 Bxf3 17. Qxf3 Qxf3 18. gxf3 Rxf3 19. Kg2 Rf5
20. Be3 Re8 21. Rad1 Re6 22. Rh1 b6 23. Rde1 Kf7 24. Kf1 a5 25. Ke2 Bf4 26.
Kd3 Bxe3 27. fxe3 Rf2 28. Re2 Rf3 29. Kd2 c5 30. Ree1 Rf2+ 31. Re2 Rxe2+ 32.
Kxe2 d4 33. cxd4 cxd4 34. Rf1+ Ke7 35. Rg1 g6 36. h3 Rxe3+ 37. Kd2 Rxh3 38.
Rg4 Rh2+ 39. Kc1 d3 40. Re4+ Kf6 41. Rd4 d2+ 42. Kd1 Ke5 43. Rd8 g5 44. Rb8
g4 45. Rxb6 g3 46. Rb8 g2 47. Rg8 Rh1+ 48. Kxd2 g1=Q {White resigns} 0-1

[Event "ICC tourney 1955 (60 10)"]
[Site "Internet Chess Club"]
[Date "2020.08.07"]
[Round "1"]
[White "andrewf2009"]
[Black "JonSnow22897"]
[Result "0-1"]
[ICCResult "White resigns"]
[WhiteElo "1856"]
[BlackElo "2183"]
[Opening "Petrov: French attack"]
[ECO "C42"]
[NIC "RG.03"]
[Time "12:21:37"]
[TimeControl "3600+10"]

1. e4 e5 2. Nf3 Nf6 3. Nxe5 d6 4. Nf3 Nxe4 5. d3 Nf6 6. d4 d5 7. Bg5 Be7 8.
Bd3 Nc6 9. c3 Bg4 10. Nbd2 Ne4 11. Bxe7 Qxe7 12. O-O Nxd2 13. Qxd2 Bxf3 14.
gxf3 O-O-O 15. Rae1 Qf6 16. Re3 Rd6 17. Rfe1 Rhd8 18. b4 Qg5+ 19. Kh1 Rh6
20. Rg1 Qh4 21. Rg2 Ne7 22. a4 Ng6 23. Bxg6 hxg6 24. Qe1 Qf4 25. b5 b6 26.
a5 bxa5 27. Re7 Rdh8 28. Re8+ Kb7 29. Rxh8 Rxh8 30. Qa1 Qxf3 31. Qxa5 Re8
32. Qa6+ Kb8 33. Qa1 Re2 34. Qf1 Rd2 {White resigns} 0-1

[Event "ICC tourney 1955 (60 10)"]
[Site "Internet Chess Club"]
[Date "2020.08.07"]
[Round "1"]
[White "GoatsRock"]
[Black "matein7"]
[Result "0-1"]
[ICCResult "White resigns"]
[WhiteElo "1542"]
[BlackElo "1918"]
[Opening "Queen's pawn game"]
[ECO "A45"]
[NIC "QP.07"]
[Time "12:22:06"]
[TimeControl "3600+10"]

1. d4 Nf6 2. e3 e6 3. Bd3 c5 4. c3 Nc6 5. f4 d5 6. Nd2 Bd6 7. Ngf3 cxd4 8.
cxd4 Nb4 9. Bb1 Ng4 10. Qe2 Qc7 11. O-O Nc2 12. Bxc2 Qxc2 13. Ne5 Bxe5 14.
fxe5 Nh6 15. Qb5+ Qc6 16. Qb4 a5 17. Qc3 Bd7 18. Nb3 b6 19. Bd2 a4 20. Nc1
O-O 21. Nd3 Rfc8 22. Rac1 Qxc3 23. Rxc3 Rxc3 24. Bxc3 Nf5 25. Kf2 Bb5 26.
Rd1 Bc4 27. Nb4 h5 28. Rc1 Kh7 29. Bd2 Kg6 30. e4 Ne7 31. Kf3 dxe4+ 32. Kxe4
Bd5+ 33. Nxd5 Nxd5 34. h3 Rb8 35. a3 Rd8 36. h4 Ne7 37. Bg5 f6 38. exf6 gxf6
39. Be3 Nf5 40. Bf2 Nd6+ 41. Kf4 Nf5 42. Ke4 Nd6+ 43. Kd3 Kf5 44. Be3 Kg4
45. Bf2 Nf5 46. Rc4 b5 47. Rb4 Rd5 48. b3 axb3 49. Rxb3 Nxh4 50. g3 Nf5 51.
Ke4 Nd6+ 52. Ke3 Nc4+ 53. Kd3 Kf3 54. Be1 e5 55. Kc2+ Ke2 56. Bc3 exd4 57.
Bb4 d3+ 58. Kc1 d2+ 59. Bxd2 Nxd2 60. Rc3 Rc5 61. Kc2 Rxc3+ 62. Kxc3 Ne4+
63. Kb4 Nd6 64. Kc5 Nc4 65. a4 bxa4 66. Kxc4 Kf3 67. Kb4 Kxg3 68. Kxa4 h4
69. Kb5 h3 70. Kc5 h2 71. Kd6 h1=Q {White resigns} 0-1

[Event "ICC tourney 1955 (60 10)"]
[Site "Internet Chess Club"]
[Date "2020.08.07"]
[Round "1"]
[White "aquilesboy"]
[Black "Jonjons"]
[Result "0-1"]
[ICCResult "White forfeits on time"]
[WhiteElo "1869"]
[BlackElo "1730"]
[Opening "Réti: King's Indian attack"]
[ECO "A08"]
[NIC "QP.09"]
[Time "12:21:36"]
[TimeControl "3600+10"]

1. Nf3 d5 2. g3 c5 3. Bg2 Nc6 4. d4 Nf6 5. O-O Bf5 6. b3 Rc8 7. Ba3 cxd4 8.
Nxd4 Nxd4 9. Qxd4 b6 10. Nc3 e6 11. Bxf8 Kxf8 12. Rfd1 Qe7 13. e4 dxe4 14.
Nxe4 Bxe4 15. Bxe4 g6 16. c4 Kg7 17. Bf3 Rhd8 18. Qb2 a5 19. Rd4 e5 20. Rxd8
Rxd8 21. Re1 Nd7 22. Bc6 f6 23. Bd5 Nc5 24. Qe2 Na6 25. Qe3 Qd6 26. Bf3 Nb4
27. Rd1 Qc7 28. Rxd8 Qxd8 29. Qe2 Qd4 30. Kg2 Nd3 31. Be4 Nc5 32. Bc2 f5 33.
a3 e4 34. Qe3 Qb2 35. Bd1 Qa1 36. Qd2 Nd3 37. Be2 Qe1 38. Qxe1 Nxe1+ 39. Kf1
Nc2 40. a4 Kf6 41. Bd1 Nb4 42. h4 Ke5 43. Ke1 Kd4 44. Kd2 h6 45. Be2 g5 46.
hxg5 hxg5 47. Bf1 f4 48. gxf4 gxf4 49. Be2 e3+ 50. fxe3+ fxe3+ 51. Kc1 Kc3
52. Bd1 Nd3+ 53. Kb1 Nf4 54. Ka2 e2 55. Bxe2 Nxe2 56. Ka3 Nc1 57. c5 bxc5
{White forfeits on time}
0-1

[Event "ICC tourney 1955 (60 10)"]
[Site "Internet Chess Club"]
[Date "2020.08.07"]
[Round "1"]
[White "ShaunTracey"]
[Black "blueeagle405"]
[Result "0-1"]
[ICCResult "White resigns"]
[WhiteElo "1755"]
[BlackElo "1999"]
[Opening "Sicilian: Grand Prix attack"]
[ECO "B23"]
[NIC "SI.44"]
[Time "12:22:14"]
[TimeControl "3600+10"]

1. e4 c5 2. Nc3 Nc6 3. f4 e6 4. Nf3 Nge7 5. g3 g6 6. Bg2 Bg7 7. O-O d6 8. d3
O-O 9. Be3 Nd4 10. Rb1 Nec6 11. Ne2 Nxe2+ 12. Qxe2 b6 13. c3 d5 14. exd5
exd5 15. d4 Bf5 16. Rbe1 c4 17. Nh4 Bd3 18. Qg4 Bxf1 19. Rxf1 Re8 20. Bd2 f5
21. Qf3 Ne7 22. Qd1 Qd6 23. Nf3 b5 24. Ne5 a5 25. h3 b4 26. Qa4 Reb8 27. Re1
Bxe5 28. fxe5 Qe6 29. Bf3 Nc6 30. Kg2 bxc3 31. bxc3 Rb2 32. Re2 Rab8 33. Rf2
Kf7 34. g4 Kg8 35. Qa3 R2b5 36. Bg5 Re8 37. Re2 Kh8 38. Bf6+ Kg8 39. Qc1 a4
40. Qa3 f4 41. g5 Ne7 42. Qxa4 Reb8 43. Qa3 Nf5 44. Bg4 Rb1 45. Kh2 Kf7 46.
Qa7+ R8b7 47. Qa3 f3 48. Bxf3 R1b6 49. Bg4 Qd7 50. Qa8 Rb8 51. Qa3 R8b7 52.
Qa8 Rb2 53. Qa3 Rxe2+ 54. Bxe2 Ra7 55. Qb2 Qb7 56. Qd2 Qb1 57. Qd1 Qxa2 58.
Kg1 Qb2 59. Qe1 Ra1 60. Bd1 Qc1 61. e6+ Ke8 62. Ba4+ Kf8 63. e7+ Nxe7 64.
Bxe7+ Kf7 65. Qxc1 Rxc1+ 66. Kf2 Kxe7 67. Bc6 Kd6 68. Be8 Rxc3 69. h4 Rh3
{White resigns}
0-1

[Event "ICC tourney 1955 (60 10)"]
[Site "Internet Chess Club"]
[Date "2020.08.07"]
[Round "1"]
[White "raghuraja"]
[Black "bishoboo"]
[Result "0-1"]
[ICCResult "White checkmated"]
[WhiteElo "1775"]
[BlackElo "2055"]
[Opening "Dutch, 2.Bg5 variation"]
[ECO "A80"]
[NIC "HD.12"]
[Time "12:22:40"]
[TimeControl "3600+10"]

1. d4 f5 2. Bg5 Nf6 3. Bxf6 exf6 4. c4 d5 5. e3 c6 6. Nc3 Be6 7. Qb3 Qd7 8.
Nf3 Bd6 9. cxd5 cxd5 10. Bd3 a6 11. a4 Nc6 12. O-O Rb8 13. Rfc1 Qf7 14. a5
O-O 15. Na4 f4 16. Nb6 fxe3 17. fxe3 Ne7 18. Qc2 Qh5 19. Qf2 g5 20. g3 f5
21. Be2 Qh6 22. Bd3 f4 23. gxf4 gxf4 24. e4 dxe4 25. Bxe4 Kh8 26. d5 Bh3 27.
Qd4+ Rf6 28. Kh1 Nf5 29. Bxf5 Bxf5 30. Rg1 Rf8 31. Rae1 Qh5 32. Qc3 Bb4 33.
Qxb4 Qxf3+ 34. Rg2 Bh3 35. Rg1 Rg8 36. Qd2 Bxg2+ 37. Rxg2 Qf1+ 38. Rg1 Qxg1#
{White checkmated}
0-1

[Event "ICC tourney 1955 (60 10)"]
[Site "Internet Chess Club"]
[Date "2020.08.07"]
[Round "1"]
[White "ningaling291"]
[Black "jimjimmo"]
[Result "1-0"]
[ICCResult "Black resigns"]
[WhiteElo "1864"]
[BlackElo "1837"]
[Opening "Caro-Kann: exchange, Rubinstein variation"]
[ECO "B13"]
[NIC "CK.02"]
[Time "12:22:04"]
[TimeControl "3600+10"]

1. e4 c6 2. d4 d5 3. exd5 cxd5 4. Bd3 Nc6 5. c3 Nf6 6. Bf4 Bg4 7. Qb3 Qb6 8.
Nd2 e6 9. Ngf3 Bxf3 10. Nxf3 Qxb3 11. axb3 Nh5 12. Be3 Bd6 13. b4 Nf4 14.
Bxf4 Bxf4 15. Kd1 O-O 16. Kc2 Rfc8 17. Kb3 f6 18. Rhe1 Kf7 19. Bxh7 f5 20.
g3 Bh6 21. Ne5+ Nxe5 22. Rxe5 Rh8 23. Bxf5 exf5 24. Rxf5+ Ke6 25. Re5+ Kd6
26. Ra5 a6 27. Raxd5+ Kc6 28. b5+ axb5 29. Rxb5 b6 30. c4 Rhe8 31. f4 Rxe5
32. fxe5 Be3 33. Rd5 Rh8 34. Rd6+ Kc7 35. h4 Bf2 36. Rg6 Bxd4 37. Rxg7+ Kc6
38. Rg6+ Kc5 39. Rg5 Re8 40. e6+ Kd6 41. Rd5+ Kxe6 42. Rxd4 Ke5 43. Rd1 Rg8
44. Rg1 Rg4 45. Kb4 Kd4 46. h5 Kd3 47. b3 {Black resigns} 1-0

[Event "ICC tourney 1955 (60 10)"]
[Site "Internet Chess Club"]
[Date "2020.08.07"]
[Round "1"]
[White "StarWaricc"]
[Black "vedrau"]
[Result "0-1"]
[ICCResult "White forfeits on time"]
[WhiteElo "1634"]
[BlackElo "1960"]
[Opening "QGD Slav: 4.e3"]
[ECO "D11"]
[NIC "SL.01"]
[Time "12:22:25"]
[TimeControl "3600+10"]

1. d4 d5 2. c4 c6 3. e3 Nf6 4. Nf3 e6 5. Bd3 Nbd7 6. O-O Bd6 7. Nc3 dxc4 8.
Bxc4 b5 9. Bd3 Bb7 10. b3 O-O 11. Bb2 Re8 12. Rc1 Rc8 13. Qe2 a6 14. Rc2 c5
15. Rfc1 e5 16. dxe5 Bxf3 17. gxf3 Bxe5 18. Qf1 Qe7 19. Rd2 Rc6 20. Rcd1
Rec8 21. f4 Bxc3 22. Bxc3 Ne4 23. Bxe4 Qxe4 24. h3 Nf8 25. Rd6 b4 26. Be5
Rxd6 27. Rxd6 Ng6 28. Qxa6 Qb1+ 29. Kh2 Rf8 30. Kg2 Nh4+ 31. Kh2 Qe1 32. Kg3
Nf5+ 33. Kg2 Nxd6 34. Bxd6 Qd2 35. e4 Rd8 36. Be7 Re8 37. Qd6 Qxd6 38. Bxd6
Rxe4 39. Kf3 f5 40. Bxc5 Kf7 41. Bd6 Ke6 42. Be5 g6 {White forfeits on time}
0-1

[Event "ICC tourney 1955 (60 10)"]
[Site "Internet Chess Club"]
[Date "2020.08.07"]
[Round "1"]
[White "Chessnutt2014"]
[Black "aarushnaveen"]
[Result "1-0"]
[ICCResult "Black checkmated"]
[WhiteElo "1947"]
[BlackElo "1677"]
[Opening "Grünfeld defense"]
[ECO "D80"]
[NIC "GI.03"]
[Time "12:22:04"]
[TimeControl "3600+10"]

1. d4 Nf6 2. c4 g6 3. Nc3 d5 4. g3 Bg7 5. Bg2 dxc4 6. Qa4+ Qd7 7. Qxc4 O-O
8. Nf3 Nc6 9. Bf4 e6 10. Rd1 Nd5 11. Ne5 Nxe5 12. dxe5 Qc6 13. Qb3 Qe8 14.
Nxd5 exd5 15. Qxd5 c6 16. Qc5 Be6 17. b3 Qc8 18. O-O Bh3 19. Rd2 h5 20. Rfd1
h4 21. Bg5 hxg3 22. hxg3 Bxg2 23. Kxg2 Qf5 24. f4 Qe4+ 25. Kf2 Qf5 26. Rd7
b6 27. Qc4 c5 28. Kf3 Qh3 29. Re7 Rae8 30. Rxa7 Bxe5 31. fxe5 Rxe5 32. Qg4
Qh2 33. e3 Rfe8 34. Qh4 Rf5+ 35. Bf4 Qc2 36. Rh1 Rh5 37. Qf6 Qe4+ 38. Kg4
Qd5 39. Qxf7+ Qxf7 40. Rxf7 Kxf7 41. Rd1 Rhh8 42. Rd7+ Re7 43. Rd6 Re6 44.
Rd7+ Kf6 45. Rb7 Ra8 46. a4 c4 47. bxc4 Rxa4 48. Rc7 Ra5 49. Bh6 g5 50. Bg7+
Kg6 51. Bd4 Re4+ 52. Kf3 Re6 53. Rg7+ Kh6 54. Rb7 Ra4 55. Kg4 Rxc4 56. Kf5
Re8 57. Rxb6+ Kh7 58. Rb7+ Kg8 59. Kxg5 Re6 60. Kf5 Rec6 61. g4 Ra4 62. g5
Ra5+ 63. Be5 Rcc5 64. Kg6 Ra6+ 65. Bf6 Rc8 66. Rh7 Rxf6+ 67. gxf6 Rf8 68.
f7+ Rxf7 69. Rxf7 Kh8 70. e4 Kg8 71. Rf1 Kh8 72. Rf8# {Black checkmated} 1-0